 Dungeon Crawl Stone Soup version 0.28.0-53-g5a82cb258f (webtiles) character file.

Game seed: 16237513078491978346

389 Peloso the Slasher (level 6, -7/56 HPs)
             Began as a Minotaur Fighter on May 27, 2022.
             Was an Initiate of Okawaru.
             Mangled by Pikel
             ... wielding a +2 whip of electrocution
              (14 damage)
             ... on level 4 of the Dungeon.
             The game lasted 00:04:21 (3528 turns).

Peloso the Slasher (Minotaur Fighter)               Turns: 3528, Time: 00:04:22

Health: -7/56      AC: 12    Str: 21    XL:     6   Next: 49%
Magic:  5/5        EV:  6    Int:  5    God:    Okawaru [......]
Gold:   167        SH:  4    Dex: 11    Spells: 5/5 levels left

rFire   + . .      SeeInvis .   b - +10 hand axe "Patah" {vorpal, rN+}
rCold   + . .      Faith    .   c - +0 buckler
rNeg    + . .      Spirit   .   f - +0 plate armour
rPois   .          Reflect  .   (helmet restricted)
rElec   .          Harm     .   r - scarf {rC+ rF+}
rCorr   .          Rampage  .   (no gloves)
Will    .....                   (no boots)
Stlth   ..........              (no amulet)
HPRegen 0.18/turn               (no ring)
MPRegen 0.09/turn               (no ring)

@: no status effects
A: horns 2, retaliatory headbutt
a: Renounce Religion


You were on level 4 of the Dungeon.
You worshipped Okawaru.
Okawaru was noncommittal.
You visited 1 branch of the dungeon, and saw 4 of its levels.

You collected 167 gold pieces.

Inventory:

Hand Weapons
 a - a +0 long sword
 b - the +10 hand axe "Patah" (weapon) {vorpal, rN+}
   (You found it on level 3 of the Dungeon)

   It inflicts extra damage upon your enemies.
   rN:        It protects you from negative energy.
Missiles
 n - a throwing net (quivered)
Armour
 c - a +0 buckler (worn)
 f - a +0 plate armour (worn)
 r - a scarf of resistance (worn)
Jewellery
 q - a ring of magical power
Wands
 i - a wand of paralysis (12)
Scrolls
 g - a scroll of immolation
 h - a scroll of blinking
 j - a scroll of magic mapping {unknown}
 m - 3 scrolls of identify
 o - 3 scrolls of fear {unknown}
Potions
 d - a potion of might
 e - a potion of curing
 k - a potion of lignification {unknown}
 l - a potion of degeneration {unknown}
 p - a potion of mutation {unknown}


   Skills:
 + Level 5.1 Fighting
 + Level 5.9 Long Blades
 + Level 5.1 Armour
 + Level 1.0 Dodging
 + Level 0.2 Stealth
 + Level 4.3 Shields


You had 5 spell levels left.
You didn't know any spells.
Your spell library contained the following spells:

 Spells                   Type           Power      Damage    Failure   Level
 Apportation              Tloc           0%         N/A       100%        1
 Alistair's Intoxication  Tmut/Pois      0%         N/A       100%        5
 Summon Small Mammal      Summ           Unusable   N/A       N/A         1
 Call Canine Familiar     Summ           Unusable   N/A       N/A         3
 Summon Guardian Golem    Hex/Summ       Unusable   N/A       N/A         3

Dungeon Overview and Level Annotations

Branches:
Dungeon (4/15)             Temple (0/1) D:4

Altars:
Gozag
Kikubaaqudgha
Makhleb
Okawaru
Uskayaw
Vehumet

Annotations:
D:3 exclusion: statue
D:4 Pikel


Innate Abilities, Weirdness & Mutations

You have a pair of horns on your head.
You reflexively headbutt those who attack you in melee.


Message History

You barely miss the orc. You closely miss the orc.
The orc hits you but does no damage.
b - the +10 hand axe "Patah" (weapon)
{vorpal, rN+} The orc hits you but does no damage.
Unknown command.
You slash the orc!
You kill the orc!
Okawaru accepts your kill.
You slash the lemure! You headbutt the lemure.
The lemure is severely wounded.
The lemure hits you.
You barely miss the lemure.
The lemure is severely wounded.
The lemure hits you but does no damage.
Pikel drinks a potion.
Pikel goes berserk!
You barely miss the lemure.
The lemure is severely wounded.
You hear a shout!
You barely miss Pikel. You headbutt Pikel.
Pikel is lightly wounded.
You block Pikel's attack. Pikel hits you but does no damage.
You slash Pikel!
Pikel is moderately wounded.
Pikel hits you with a +2 whip of electrocution.
Pikel hits you with a +2 whip of electrocution!
You closely miss Pikel.
Pikel is moderately wounded.
Pikel hits you with a +2 whip of electrocution!
Pikel hits you with a +2 whip of electrocution.
You are electrocuted!
* * * LOW HITPOINT WARNING * * *
You slash Pikel!
Pikel is heavily wounded.
Pikel closely misses you.
Pikel hits you with a +2 whip of electrocution!
* * * LOW HITPOINT WARNING * * *
Unknown command.
It was a potion of curing.
You feel better.
Pikel hits you with a +2 whip of electrocution!
You die...

# #....###.#
...#####'#
#.####≈≈
#≈.≈##......#
#.....## #≈.
#≈ ≈ ##.###.#
#.###.# ...
.≈ ...#
#.#####.#...#
.##. ≈≈.####
#....#....###
# #. #..
####.###....#
.. ##
#.#...#.#####
#.#.###.#...#
#5#@....#†_.#
#5K#####....#
#5K## ######
##Z.##......
##.o.......
#..8.....8
#......?..
#...5.5...
#....K5...


You could see Pikel (berserk), 2 lemures, a kobold and a howler monkey skeleton.

Vanquished Creatures
  A water moccasin (D:3)
  A hound (D:4)
  An orc priest (D:4)
  Terence (D:2)
  An iguana (D:3)
  An orc wizard (D:3)
  4 gnolls
  4 adders
  2 worms
  2 dart slugs (D:2)
  5 orcs
  7 bats
  5 endoplasms
  5 giant cockroaches
  2 goblins
  5 hobgoblins
  3 quokkas (D:1)
  5 ball pythons
  3 frilled lizards
  4 kobolds
  9 rats
71 creatures vanquished.

Notes
Turn   | Place    | Note
-------+----------+-------------------------------------------
     0 | D:1      | Peloso the Minotaur Fighter began the quest for the Orb.
     0 | D:1      | Reached XP level 1. HP: 19/19 MP: 0/0
    92 | D:1      | Reached XP level 2. HP: 26/27 MP: 1/1
   582 | D:2      | Reached XP level 3. HP: 30/33 MP: 2/2
   771 | D:2      | Noticed Terence
   775 | D:2      | Killed Terence
   852 | D:2      | Reached XP level 4. HP: 41/41 MP: 3/3
  1023 | D:2      | Found a hide-covered altar of Uskayaw.
  1543 | D:3      | Identified the +10 hand axe "Patah" {vorpal, rN+}
  1931 | D:3      | Reached XP level 5. HP: 47/47 MP: 4/4
  2105 | D:3      | Found an ancient bone altar of Kikubaaqudgha.
  2239 | D:3      | Found a radiant altar of Vehumet.
  2239 | D:3      | Noticed a charred statue
  2292 | D:3      | Noticed a water moccasin
  2302 | D:3      | Killed a water moccasin
  2303 | D:3      | Reached skill level 5 in Long Blades
  2303 | D:3      | Reached XP level 6. HP: 38/55 MP: 5/5
  3098 | D:4      | Reached skill level 5 in Fighting
  3125 | D:4      | Found an opulent altar of Gozag.
  3168 | D:4      | Found an iron altar of Okawaru.
  3212 | D:4      | Became a worshipper of Warmaster Okawaru
  3271 | D:4      | Found a staircase to the Ecumenical Temple.
  3279 | D:4      | Reached skill level 5 in Armour
  3279 | D:4      | Reached skill level 1 in Dodging
  3483 | D:4      | Found a burning altar of Makhleb.
  3510 | D:4      | Noticed Pikel
  3527 | D:4      | HP: 2/56 [Pikel/+2 whip of electrocution (10)]
  3528 | D:4      | Mangled by Pikel

Illustrated notes

Levels and vault maps discovered:
D:1:      psy_arrival_radial01, layout_rooms, minmay_octomino_c4
D:2:      layout_basic, basic_altar, uniq_terence
D:3:      layout_basic, mainiacjoe_overflow_six_doors_small, vehumet_statue
D:4:      layout_loops_cross, okawaru_ov_weapons_minmay,
          mainiacjoe_overflow_swirl,
          nicolae_gozag_cash_rules_everything_around_me,
          minmay_temple_entry_proselytizer, serial_rivers,
          chequers_serial_rivers_small_b, chequers_serial_rivers_room_a,
          chequers_serial_rivers_micro_a, chequers_serial_rivers_small_3,
          chequers_serial_rivers_micro_d, st_stairs_1, uniq_pikel

Skill      XL: |  1  2  3  4  5  6 |
---------------+-------------------+-----
Fighting       | 4 5 |  5.1
Armour         | 4 5 |  5.1
Long Blades    | 3 4 5 |  5.9
Shields        | 4 |  4.3
Dodging        | 1 |  1.0
Stealth        | |  0.2

Action                   |  1- 3 |  4- 6 || total
-------------------------+-------+-------++-------
Melee: Long sword        |    70 |    95 ||   165
       Headbutt          |     9 |    16 ||    25
       Hand axe          |       |     8 ||     8
  Use: Scroll            |     2 |       ||     2
       Potion            |       |     2 ||     2
Armor: Scale mail        |    39 |       ||    39
       Plate armour      |       |    41 ||    41
Dodge: Dodged            |    58 |    35 ||    93
Block: Buckler           |    14 |    20 ||    34
